 Dungeon Crawl Stone Soup version 0.27.1-35-g4d5d836560 (webtiles) character file.

Game seed: 8340794738049358466

35 Delamore the Sneak (level 3, -2/24 HPs)
             Began as an Octopode Brigand on May 16, 2022.
             Slain by Terence (13 damage)
             ... on level 2 of the Dungeon.
             The game lasted 00:00:45 (767 turns).

Delamore the Sneak (Octopode Brigand)                Turns: 767, Time: 00:00:45

Health: -2/24      AC:  1    Str: 10    XL:     3   Next: 33%
Magic:  3/3        EV: 12    Int: 13    God:
Gold:   21         SH:  0    Dex: 14    Spells: 2/2 levels left

rFire    . . .     SeeInvis .   a - +2 dagger
rCold    . . .     Faith    .   (no shield)
rNeg     . . .     Spirit   .   (helmet restricted)
rPois    .         Reflect  .   (no amulet)
rElec    .         Harm     .   (no ring)
rCorr    .         Rampage  .   (no ring)
Will     .....                  (no ring)
Stlth    ++++......             (no ring)
HPRegen  0.08/turn              (no ring)
MPRegen  0.08/turn              (no ring)
                                (no ring)
                                (no ring)

@: no status effects
A: almost no armour, amphibious, 8 rings, camouflage 1, gelatinous body 1,
(nimble swimmer 1), tentacles
a: no special abilities


You were on level 2 of the Dungeon.
You visited 1 branch of the dungeon, and saw 2 of its levels.

You collected 21 gold pieces.

Inventory:

Hand Weapons
 a - a +2 dagger (weapon)
Missiles
 b - 8 poisoned darts (quivered)
 c - 2 curare-tipped darts
 d - 7 javelins
Scrolls
 e - a scroll of silence {unknown}
 g - a scroll of noise {unknown}
 h - a scroll of brand weapon {unknown}
 i - a scroll of magic mapping {unknown}
Potions
 f - a potion of curing {unknown}


   Skills:
 - Level 2.0 Fighting
 * Level 3.2 Short Blades
 + Level 2.6 Throwing
 - Level 1.0 Dodging
 - Level 5.3 Stealth


You had 2 spell levels left.
You didn't know any spells.
Your spell library was empty.

Dungeon Overview and Level Annotations

Branches:
Dungeon (2/15)

Altars:

Shops:
D:1 [

Annotations:
D:2 Terence


Innate Abilities, Weirdness & Mutations

You cannot wear most types of armour.
You are amphibious.
You can wear up to eight rings at the same time.
Your skin changes colour to match your surroundings (Stealth+).
Your rubbery body absorbs attacks. (AC +1, EV +1)
((You are camouflaged near water. (Stealth+)))
You have tentacles for arms and can constrict up to eight enemies at once.


Message History

The helpless hobgoblin fails to defend itself.
You impale the hobgoblin!!
You kill the hobgoblin!
No target in view!
No target in view!
You now have 21 gold pieces (gained 3).
i - a scroll labelled VALILI FECU A kobold comes into view.
It is wielding a +0 whip.
A kobold is nearby!
Terence the Incautious comes into view.
He is wielding a +1 hand axe of electrocution.
The helpless kobold fails to defend itself.
You impale the kobold!!
You kill the kobold!
Terence shouts!
You closely miss Terence. You grab Terence. You squeeze Terence.
Terence is moderately wounded.
You constrict Terence, but do no damage.
Terence misses you.
You hit Terence but do no damage.
Terence is moderately wounded.
You constrict Terence, but do no damage.
Terence hits you with a +1 hand axe of electrocution.
You hit Terence but do no damage.
Terence is moderately wounded.
You constrict Terence, but do no damage.
Terence closely misses you.
You hit Terence.
Terence is heavily wounded.
You constrict Terence, but do no damage.
You hit Terence but do no damage.
Terence is heavily wounded.
You constrict Terence, but do no damage.
Terence hits you with a +1 hand axe of electrocution.
You hit Terence but do no damage.
Terence is heavily wounded.
You constrict Terence, but do no damage.
Terence hits you with a +1 hand axe of electrocution.
You are electrocuted!
Ouch! That really hurt!
You die...

#.....#.####.
#.##..#.#....
#####.##..#.#....
#................
#.######......... #.#
##.#.#....
########.#######.#.#....
.................#.####.
......@@..)...#..#.# #.
............##...#.# .
#..........#.#......
.##......##.#..
#.#....#. #....
#.#.#..#.#. ....# .
.#.##.. # # ...# ## .#
... ..


You could see Terence.

Vanquished Creatures
  An adder (D:2)
  2 endoplasms (D:1)
  A giant cockroach (D:1)
  2 goblins (D:1)
  4 hobgoblins
  A quokka (D:2)
  2 ball pythons (D:1)
  5 bats (D:1)
  A frilled lizard (D:1)
  A kobold (D:2)
  7 rats (D:1)
27 creatures vanquished.

Notes
Turn   | Place    | Note
-------+----------+-------------------------------------------
     0 | D:1      | Delamore the Octopode Brigand began the quest for the Orb.
     0 | D:1      | Reached XP level 1. HP: 14/14 MP: 1/1
    67 | D:1      | Found Roatit's Antique Armour Shoppe.
    77 | D:1      | Reached XP level 2. HP: 19/19 MP: 2/2
   678 | D:2      | Reached XP level 3. HP: 24/24 MP: 3/3
   757 | D:2      | Noticed Terence
   767 | D:2      | Slain by Terence

Illustrated notes

Levels and vault maps discovered:
D:1:      ebering_trefoil_twist, layout_loops_ring, serial_shops,
          nicolae_square_shop, minmay_pentomino_q2
D:2:      layout_basic, grunt_ministairs_7, minmay_misc_feat_secret_circle,
          uniq_terence

Skill      XL: |  1  2 |
---------------+-------+-----
Short Blades   | 3 |  3.2
Fighting       | |  2.0
Throwing       | |  2.6
Dodging        | |  1.0
Stealth        | |  5.3

Action                   || total
-------------------------++-------
Melee: Dagger            ||    36
       Constrict         ||     4
       Tentacles         ||     2
 Stab: Sleeping          ||    24
Dodge: Dodged            ||     2
